 Dungeon Crawl Stone Soup version 0.25-a0-44-g29a1220a87 (webtiles) character file.

Game seed: 11580092754061560300, levelgen mode: deterministic

8 Alarkh the Skirmisher (level 2, 23/24 HPs)
             Began as a Demonspawn Fighter on Oct 24, 2019.
             Got out of the dungeon alive.
             The game lasted 00:01:14 (319 turns).

Alarkh the Skirmisher (Demonspawn Fighter)           Turns: 319, Time: 00:01:15

Health: 23/24      AC:  6    Str: 16    XL:     2   Next: 0%
Magic:  2/2        EV:  6    Int:  9    God:
Gold:   17         SH:  8    Dex: 12    Spells: 1/1 levels left

rFire    . . .     SeeInvis .   a - +0 long sword
rCold    . . .     Gourm    .   c - +0 shield
rNeg     . . .     Faith    .   b - +0 scale mail
rPois    .         Spirit   .   (no helmet)
rElec    .         Reflect  .   (no cloak)
rCorr    .         Harm     .   (no gloves)
MR       .....                  (no boots)
Stlth    ..........             (no amulet)
HPRegen  0.08/turn              (no ring)
MPRegen  0.08/turn              (no ring)

@: no status effects
A: hooves 1
a: no special abilities


You escaped.
You were not hungry.

You visited 1 branch of the dungeon, and saw 1 of its levels.

You collected 17 gold pieces.

Inventory:

Hand Weapons
 a - a +0 long sword (weapon)
Armour
 b - a +0 scale mail (worn)
 c - a +0 shield (worn)
Scrolls
 e - a scroll of magic mapping {unknown}
 g - a scroll of fog {unknown}
 i - 2 scrolls of identify {unknown}
 k - 3 scrolls of enchant weapon {unknown}
 m - 3 scrolls of noise {unknown}
Potions
 d - a potion of might
 j - 2 potions of agility {unknown}
 l - a potion of heal wounds {unknown}
 n - a potion of magic {unknown}
Comestibles
 f - 2 rations
 h - a chunk of flesh


   Skills:
 - Level 3.0 Fighting
 + Level 2.5 Long Blades
 - Level 2.6 Armour
 - Level 2.6 Shields


You had one spell level left.
You didn't know any spells.
Your spell library was empty.

Dungeon Overview and Level Annotations

Branches:
Dungeon (1/15)

Altars:


Innate Abilities, Weirdness & Mutations

You have large cloven feet.


Message History

The hobgoblin is heavily wounded.
The hobgoblin closely misses you.
A hobgoblin is nearby!
You closely miss the hobgoblin.
The hobgoblin is heavily wounded.
The hobgoblin hits you with a +0 club.
A hobgoblin is nearby!
You slash the hobgoblin!
You kill the hobgoblin!
You have reached level 2!
Your demonic ancestry asserts itself...
Your feet thicken and deform.
You see here a +0 club.
There is an open gate here.
There is an open door here.
There is an open door here.
There is an open door here.
There is a staircase leading out of the dungeon here.
Are you sure you want to leave the Dungeon?
This will make you lose the game!
You have escaped!

#.##............
#...............
###............
###............
...........# ...........#
########## ....#.##...#
#...'....♣ ....#......##
#...####'#
....#.......#.#.@.#♣♣♣.♣
###.#.......#?#...#♣..♣♣
....#.........#...#.♣♣♣
#####.).)....?#####'#####
#...#.........#.........#
#.#.........#.#.........#
............#.#.........#
.##...(.....#.#≈.......≈#
..+.........#.#≈.......≈#
#......


There were no monsters in sight!

Vanquished Creatures
  A leopard gecko (D:1)
  A bat (D:1)
  2 hobgoblins (D:1)
  A frilled lizard (D:1)
  2 kobolds (D:1)
7 creatures vanquished.

Notes
Turn   | Place    | Note
-------+----------+-------------------------------------------
     0 | D:1      | Alarkh the Demonspawn Fighter began the quest for the Orb.
     0 | D:1      | Reached XP level 1. HP: 18/18 MP: 1/1
   276 | D:1      | Gained mutation: You have large cloven feet. [demonic
                  | ancestry]
   276 | D:1      | Reached XP level 2. HP: 20/24 MP: 2/2
   319 | D:$      | Got out of the dungeon alive.

Levels and vault maps discovered:
D:1:      scummos_arrival_gate, layout_basic, minmay_pentomino_o4

Skill      XL: |  1 |
---------------+----+-----
Long Blades    | 2 |  2.5
Fighting       | |  3.0
Armour         | |  2.6
Shields        | |  2.6

Action                   || total
-------------------------++-------
Melee: Long sword        ||    27
Armor: Scale mail        ||    15
Dodge: Dodged            ||    14
Block: Shield            ||    17
       Rpst.: Long sword ||     7

Table legend:
 A = Non-vault XP
 B = Vault XP
 C = Vault XP percentage of total XP
 D = Non-vault monster count
 E = Vault monster count
 F = Vault count percentage of total count
                 A         B        C        D         E       F
            +---------+---------+-------+---------+---------+-------
      Total |       5 |       7 |  58.3 |       3 |       4 |  57.1
            +---------+---------+-------+---------+---------+-------
        D:1 |       5 |       7 |  58.3 |       3 |       4 |  57.1
            +---------+---------+-------+---------+---------+-------
